 Dungeon Crawl Stone Soup version 0.29-a0-22-gbf593b16ee (webtiles) character file.

Game seed: 17653132108450143280

6335 Sweetruy1997 the Slicer (level 10, -1/121 HPs)
             Began as a Black Draconian Berserker on Jan 30, 2022.
             Was a Priest of Trog.
             Slain by an orc knight (16 damage)
             ... in a bailey.
             The game lasted 00:28:21 (10371 turns).

Sweetruy1997 the Slicer (DrBe)                     Turns: 10371, Time: 00:28:21

Health: -1/121     AC: 12    Str: 25    XL:     10   Next: 64%
Magic:  10/10      EV: 18    Int: 11    God:    Trog [***...]
Gold:   419        SH:  5    Dex: 12    Spells: 9/9 levels left

rFire   + + .      SeeInvis .   d - +1 dagger (speed)
rCold   . . .      Faith    .   (no shield)
rNeg    . . .      Spirit   .   (armour unavailable)
rPois   .          Reflect  +   (helmet restricted)
rElec   +          Harm     .   l - +0 cloak
rCorr   .          Rampage  .   (no gloves)
Will    ++...                   a - +2 pair of boots of Rarph {rF++}
Stlth   ..........              e - amulet of reflection
HPRegen 1.30/turn               s - +4 ring of evasion
MPRegen 0.12/turn               y - +6 ring of strength

@: berserking, short of breath, strong-willed, regenerating, very quick
A: breathe lightning, AC +7, unfitting armour, electricity resistance,
cold-blooded, hooves 1, shaggy fur 1
a: Breathe Lightning, Renounce Religion, Berserk, Trog's Hand


You were in a bailey.
You worshipped Trog.
Trog was most pleased with you.
You visited 2 branches of the dungeon, and saw 9 of its levels.
You also visited: Bailey.

You collected 419 gold pieces.

Inventory:

Hand Weapons
 d - a +1 dagger of speed (weapon)
Armour
 a - the +2 pair of boots of Rarph (worn) {rF++}
   (You acquired it on level 8 of the Dungeon)

   rF:        It greatly protects you from fire.
 l - a +0 cloak (worn)
Jewellery
 e - an amulet of reflection (around neck)
 s - a +4 ring of evasion (left hand)
 w - a ring of flight
 y - a +6 ring of strength (right hand)
Scrolls
 f - a scroll of holy word
 h - 2 scrolls of fog
 j - a scroll of enchant weapon {unknown}
 n - a scroll of blinking {unknown}
 t - 3 scrolls of teleportation
 z - a scroll of amnesia {unknown}
 A - a scroll of magic mapping {unknown}
Potions
 b - a potion of heal wounds {unknown}
 i - a potion of ambrosia {unknown}
 u - a potion of cancellation {unknown}
 v - a potion of curing
 x - a potion of degeneration {unknown}


   Skills:
 + Level 5.3 Fighting
 - Level 10.0 Short Blades
 - Level 3.2 Axes
 - Level 2.0(2.3) Slings
 - Level 1.4(2.0) Throwing
 + Level 6.2 Dodging
 + Level 3.2 Stealth
 + Level 3.6 Shields
 + Level 8.4 Evocations


You had 9 spell levels left.
You didn't know any spells.
Your spell library was empty.

Dungeon Overview and Level Annotations

Branches:
Dungeon (8/15)             Temple (1/1) D:6          Bailey (1/1)
   Lair: D:8-11

Altars:
Ashenzari
Cheibriados
Dithmenos
Elyvilon
Fedhas
Gozag
Hepliaklqana
Kikubaaqudgha
Makhleb
Nemelex Xobeh
Okawaru
Qazlal
Ru
Sif Muna
Trog
Uskayaw
Vehumet
Wu Jian
Xom
Yredelemnul
Zin
The Shining One


Innate Abilities, Weirdness & Mutations

You can breathe wild blasts of lightning.
Your glossy black scales are hard. (AC +7)
You cannot fit into any form of body armour.
You are resistant to electric shocks. (rElec)
You are cold-blooded and may be slowed by cold attacks.
You have large cloven feet.
You are covered in fur. (AC +1)


Message History

You hit the orc knight.
The orc knight is almost dead.
You hit the orc knight but do no damage.
The orc knight is almost dead.
The orc knight hits you with a +0 halberd!
You hit the orc knight.
Your tail-slap misses the orc knight.
The orc knight is almost dead.
You barely miss the orc knight.
The orc knight is almost dead.
The orc knight hits you with a +0 halberd!!!
* * * LOW HITPOINT WARNING * * *
You hear a shout!
You puncture the orc knight!
You kill the orc knight!
Trog accepts your kill.
Your Stealth skill increases to level 3!
You puncture the orc knight!
The orc knight is lightly wounded.
The orc knight completely misses you.
You closely miss the orc knight.
The orc knight is lightly wounded.
You closely miss the orc knight.
The orc knight is lightly wounded.
You hit the orc knight. You tail-slap the orc knight.
The orc knight is moderately wounded.
You puncture the orc knight!
The orc knight is heavily wounded.
The orc knight roars a battlecry!
You hit the orc knight but do no damage.
You tail-slap the orc knight.
The orc knight is heavily wounded.
You hit the orc knight but do no damage.
Your tail-slap misses the orc knight.
The orc knight is heavily wounded.
You puncture the orc knight!
The orc knight is heavily wounded.
You hit the orc knight.
The orc knight is heavily wounded.
The orc knight hits you with a +0 halberd!
You die...

########### ##.........##
##..≈≈≈≈≈≈≈..## #..≈≈.....≈≈..##
.≈≈..###..≈≈..##########
..##.##.)≈≈..........#
##.∩)##.)≈≈≈≈≈≈≈≈≈≈.#
#...@.##.)........≈.#
#####o###'#########.≈.#
#.........# ##.≈.# #..≈≈≈≈≈≈≈..#
##..≈.# '..≈≈.....≈≈..# ##..≈).#
.≈≈. ......⌠∩⌠......#'#..≈≈.∩#
.≈≈. '#..§≈...⌠...≈≈..#'#..≈≈.##
≈≈.. #.##..≈≈.....≈≈..##.##..≈≈.#
≈..##.$.##..≈≈§.≈≈≈..#'..o##..≈.#


You could see an orc knight (strong).

Vanquished Creatures
  4 orc knights (Bailey)
  An unseen horror (D:6)
  Grinder (D:4)
  A wyvern (D:8)
  Sigmund (D:5)
  A yak (D:5)
  Menkaure (D:5)
  Edmund (D:4)
  2 water moccasins
  An ice beast (D:7)
  3 orc warriors
  5 black bears
  An ogre (D:5)
  A necrophage (D:6)
  A phantom (D:5)
  3 centaurs
  A kobold brigand (D:4)
  3 bullfrogs
  5 scorpions
  6 electric eels (D:5)
  A centaur zombie (D:6)
  5 hounds
  An orc priest (D:7)
  2 jellies (D:7)
  2 bullfrog skeletons
  2 gnoll shamans
  Jessica (D:2)
  10 iguanas
  Natasha (thrice) (D:3)
  An orc wizard (D:7)
  A killer bee zombie (D:6)
  7 adders
  14 gnolls
  2 shadow imps
  A white imp (D:6)
  An ufetubus (D:6)
  24 orcs
  3 endoplasms
  A giant cockroach (D:2)
  6 goblins
  5 hobgoblins
  5 quokkas
  8 ball pythons
  6 bats
  7 frilled lizards
  8 kobolds
  7 rats
177 creatures vanquished.

Vanquished Creatures (others)
  12 plants
12 creatures vanquished.

Grand Total: 189 creatures vanquished

Notes
Turn   | Place    | Note
-------+----------+-------------------------------------------
     0 | D:1      | Sweetruy1997 the Draconian Berserker began the quest for
                  | the Orb.
     0 | D:1      | Reached XP level 1. HP: 19/19 MP: 1/1
   140 | D:1      | Reached XP level 2. HP: 14/26 MP: 2/2
   818 | D:2      | Reached XP level 3. HP: 20/33 MP: 3/3
  1257 | D:2      | Found a faded altar of an unknown god.
  1352 | D:2      | Reached ** piety under Trog
  1406 | D:2      | Reached skill level 1 in Short Blades
  1464 | D:2      | Noticed Jessica
  1477 | D:2      | Killed Jessica
  1478 | D:2      | Reached XP level 4. HP: 21/40 MP: 4/4
  1858 | D:2      | Reached skill level 2 in Short Blades
  2284 | D:3      | Reached XP level 5. HP: 16/46 MP: 5/5
  2633 | D:3      | Noticed Natasha
  2654 | D:3      | Killed Natasha
  2866 | D:3      | Noticed Natasha
  2891 | D:3      | Killed Natasha
  2892 | D:3      | Reached skill level 3 in Short Blades
  2892 | D:3      | Reached skill level 1 in Stealth
  2914 | D:3      | Noticed Natasha
  2929 | D:3      | Killed Natasha
  3127 | D:4      | Reached skill level 1 in Shields
  3283 | D:4      | Reached XP level 6. HP: 43/52 MP: 6/6
  3499 | D:4      | Reached skill level 4 in Short Blades
  3511 | D:4      | Noticed Edmund
  3532 | D:4      | Killed Edmund
  3533 | D:4      | Reached skill level 5 in Short Blades
  3866 | D:4      | Your scales start taking on a glossy black colour.
  3866 | D:4      | Reached XP level 7. HP: 43/59 MP: 7/7
  3866 | D:4      | Gained mutation: You are resistant to electric shocks.
                  | (rElec) [Black Draconian growth]
  4086 | D:4      | Noticed Grinder
  4106 | D:4      | Killed Grinder
  4107 | D:4      | Reached skill level 6 in Short Blades
  4210 | D:4      | Found a hide-covered altar of Uskayaw.
  4237 | D:4      | Reached skill level 7 in Short Blades
  4333 | D:4      | Found a sacrificial altar of Ru.
  4415 | D:5      | Entered Level 5 of the Dungeon
  4645 | D:5      | Noticed Sigmund
  4666 | D:5      | Reached skill level 1 in Evocations
  4827 | D:5      | Reached XP level 8. HP: 63/66 MP: 8/8
  4888 | D:5      | Reached skill level 8 in Short Blades
  5267 | D:5      | Noticed Menkaure
  5282 | D:5      | Killed Menkaure
  5430 | D:5      | Killed Sigmund
  5431 | D:5      | Reached skill level 9 in Short Blades
  5728 | D:6      | Killed an unseen horror
  5729 | D:6      | Reached skill level 10 in Short Blades
  5738 | D:6      | Reached XP level 9. HP: 31/71 MP: 9/9
  5741 | D:6      | Reached *** piety under Trog
  6142 | D:6      | Reached skill level 5 in Evocations
  6650 | D:5      | HP: 3/71 [yak (11)]
  7821 | D:5      | Reached skill level 1 in Throwing
  8023 | D:6      | Found a staircase to the Ecumenical Temple.
  8053 | D:6      | Found a glowing silver altar of Zin.
  8054 | D:6      | Found a burning altar of Makhleb.
  8055 | D:6      | Found a radiant altar of Vehumet.
  8057 | D:6      | Found an ornate altar of the Wu Jian Council.
  8083 | D:6      | Reached skill level 1 in Slings
  8339 | Temple   | Entered the Ecumenical Temple
  8789 | D:7      | Reached XP level 10. HP: 76/79 MP: 10/10
  9238 | D:7      | Found a shadowy altar of Dithmenos.
  9494 | D:8      | Gained mutation: You are frail. (-10% HP) [potion of
                  | mutation]
  9494 | D:8      | Gained mutation: Your muscles are strong. (Str +2) [potion
                  | of mutation]
  9495 | D:8      | Lost mutation: Your muscles are strong. (Str +2) [potion of
                  | mutation]
  9495 | D:8      | Lost mutation: You are frail. (-10% HP) [potion of
                  | mutation]
  9495 | D:8      | Gained mutation: You have large cloven feet. [potion of
                  | mutation]
  9495 | D:8      | Gained mutation: You are covered in fur. (AC +1) [potion of
                  | mutation]
  9531 | D:8      | Identified a scroll of acquirement
  9532 | D:8      | Acquired the +2 pair of boots of Rarph {rF++}
  9702 | D:8      | Found a flagged portal.
  9720 | Bailey   | Entered a bailey
  9843 | Bailey   | Noticed an orc knight
  9850 | Bailey   | Noticed an orc knight
  9852 | Bailey   | Killed an orc knight
  9853 | Bailey   | Reached skill level 5 in Dodging
 10010 | Bailey   | Noticed an orc knight
 10015 | Bailey   | Killed an orc knight
 10030 | Bailey   | Reached **** piety under Trog
 10033 | Bailey   | Noticed an orc knight
 10085 | Bailey   | Noticed an orc knight
 10101 | Bailey   | Killed an orc knight
 10102 | Bailey   | Reached skill level 5 in Fighting
 10362 | Bailey   | Killed an orc knight
 10371 | Bailey   | Slain by an orc knight

Illustrated notes

Levels and vault maps discovered:
D:1:      dpeg_arrival_fog, layout_rooms
D:2:      layout_basic, ebering_ecumenical_altar_webs, supply_closet_lemuel,
          minmay_mini_jars, uniq_jessica
D:3:      layout_rooms, uniq_natasha
D:4:      layout_rooms, jmf_multi_god_temple, saegor_snake_ambush, uniq_grinder,
          uniq_edmund
D:5:      cheibrodos_two_vegetables, layout_gridville, uniq_sigmund,
          uniq_menkaure
D:6:      layout_rooms, chequers_temple_overflow_statue_of_worship,
          minmay_temple_entry_wispy
D:7:      layout_loops_ring, kennysheep_mini_moat
D:8:      layout_loops_corners, gammafunk_ghost_gnarly_gnolls, enter_bailey_2
Temple:   regret_index_temple_waves
Bailey:   bailey_polearm_1, bailey

Skill      XL: |  1  2  3  4  5  6  7  8  9 10 |
---------------+-------------------------------+-----
Dodging        | 3 4 6 |  6.2
Short Blades   | 1 2 3 5 7 10 | 10.0
Fighting       | 4 5 |  5.3
Stealth        | 1 3 |  3.2
Shields        | 1 3 |  3.6
Evocations     | 1 3 8 |  8.4
Throwing       | 1 |  1.4
Slings         | 2 |  2.0
Axes           | |  3.2

Action                   |  1- 3 |  4- 6 |  7- 9 | 10-12 || total
-------------------------+-------+-------+-------+-------++-------
Melee: Hand axe          |    41 |       |       |       ||    41
       Tailslap          |     7 |    37 |   104 |    55 ||   203
       Dagger            |    58 |   290 |   685 |   285 ||  1318
       Punch             |       |     4 |    12 |     4 ||    20
Throw: Throwing net      |       |       |     3 |     1 ||     4
Invok: Berserk           |       |     2 |     5 |     2 ||     9
       Trog's Hand       |       |     1 |     1 |     2 ||     4
 Abil: Breathe Lightning |       |       |    28 |    12 ||    40
Evoke: Wand              |       |     1 |     3 |     8 ||    12
  Use: Scroll            |       |     1 |     2 |     7 ||    10
       Potion            |       |       |     2 |     2 ||     4
 Stab: Sleeping          |       |     3 |       |       ||     3
       Distracted        |       |       |     1 |       ||     1
       Paralysed         |       |       |       |     6 ||     6
Armor: Skin              |    34 |    37 |    75 |    24 ||   170
Dodge: Dodged            |    72 |    85 |   245 |    98 ||   500
Block: Other             |     7 |    42 |    71 |    32 ||   152
       Reflection        |       |       |     2 |       ||     2

Table legend: (Time is in decaauts)
 A = Elapsed time spent in this place.
 B = Non-inter-level travel time spent in this place.
 C = Inter-level travel time spent in this place.
 D = Time resting spent in this place.
 E = Time spent auto-exploring this place.
 F = Levels seen in this place.
 G = Mean time per level.
                   A        B        C        D        E       F      G
               +--------+--------+--------+--------+--------+-----+--------+
         Total |   9736 |   9333 |    403 |   2127 |   5712 |  10 |  973.6 |
       Dungeon |   9032 |   8657 |    375 |   1842 |   5531 |   8 | 1129.0 |
        Temple |    160 |    132 |     28 |      0 |    120 |   1 |  160.0 |
        Bailey |    543 |    543 |      0 |    285 |     61 |   1 |  543.0 |
               +--------+--------+--------+--------+--------+-----+--------+

Top non-repeatable levels by time:
     D:5: 2713 daAuts
     D:2: 1626 daAuts
     D:4: 1546 daAuts
     D:7: 870 daAuts
     D:1: 798 daAuts
     D:3: 649 daAuts
     D:6: 615 daAuts
  Bailey: 543 daAuts
     D:8: 211 daAuts
  Temple: 160 daAuts
